| TOP OF THE 1ST |
|
Columbus Jets batting - Pitching for Syracuse Chiefs : RHP Mel Stottlemyre Sr
|
|
Pitching: RHP Mel Stottlemyre Sr
|
|
|
Batting: LHB Craig Brooks
|
0-0: Foul Ball, location: 2F 0-1: Called Strike 0-2: Ball 1-2: Fly out, F9 (Flyball, 9S, EV 81.9 MPH)
|
|
Batting: RHB Greg Schultz
|
0-0: Called Strike 0-1: Ball 1-1: Ground out 6-3 (Groundball, 6, EV 81.9 MPH)
|
|
Batting: RHB Danny Tartabull
|
0-0: Called Strike 0-1: Ball 1-1: Swinging Strike 1-2: Ball 2-2: Fly out, F3 (Popup, 3SF, EV 76.9 MPH)
|
| Top of the 1st over - 0 runs, 0 hits, 0 errors, 0 left on base; Columbus 0 - Syracuse 0 |
| BOTTOM OF THE 1ST |
|
Syracuse Chiefs batting - Pitching for Columbus Jets : RHP Darryl Banks
|
|
Pitching: RHP Darryl Banks
|
|
|
Batting: SHB Larry Lintz
|
0-0: Foul Ball, location: 2F 0-1: Ground out 2-3 (Groundball, 13S, EV 73.8 MPH)
|
|
Batting: RHB Phil Garner
|
0-0: Ball 1-0: Ball 2-0: Swinging Strike 2-1: Ground out 6-3 (Groundball, 6MS, EV 68.8 MPH)
|
|
Batting: LHB Steve Stroughter
|
0-0: Called Strike 0-1: Ball 1-1: Ground out 1-3 (Groundball, 13, EV 66.9 MPH)
|
| Bottom of the 1st over - 0 runs, 0 hits, 0 errors, 0 left on base; Columbus 0 - Syracuse 0 |
| TOP OF THE 2ND |
|
Columbus Jets batting - Pitching for Syracuse Chiefs : RHP Mel Stottlemyre Sr
|
|
Batting: LHB Larry Sheets
|
0-0: SINGLE (Flyball, 8LS, EV 101.3 MPH)
|
|
Batting: RHB Jim Maler
|
0-0: Called Strike 0-1: Ball 1-1: Ball 2-1: Ball 3-1: SINGLE (Groundball, 6D, EV 94.4 MPH) Larry Sheets to second
|
|
Batting: RHB Michael Ventress
|
0-0: Ball 1-0: Ball 2-0: Foul Ball, location: 2F 2-1: Ball 3-1: Called Strike 3-2: Foul Ball, location: 2F 3-2: DOUBLE (Line Drive, 9LM, EV 100.6 MPH) Larry Sheets scores Jim Maler to third Runner from 3rd tries for Home, SAFE, no throw by RF
|
|
Batting: RHB Glenn Goya
|
0-0: Called Strike 0-1: Called Strike 0-2: Foul Ball, location: 2F 0-2: Ball 1-2: Ball 2-2: Foul Ball, location: 2F 2-2: Foul Ball, location: 2F 2-2: Ground out 5-3 (Groundball, 5S, EV 79.4 MPH)
|
|
Batting: RHB Ray Smith
|
0-0: Ball 1-0: Ball 2-0: Ball 3-0: Called Strike 3-1: SINGLE (Line Drive, 89S, EV 108.1 MPH) Michael Ventress to third Runner from 3rd tries for Home, SAFE, throw by RF to home Ray Smith to second
|
|
Batting: RHB Jackie Gutierrez
|
0-0: Called Strike 0-1: Ball 1-1: Ball 2-1: Swinging Strike 2-2: Ball 3-2: Fly out, F9 (Flyball, 9, EV 83.8 MPH)
|
|
Batting: LHB Craig Brooks
|
0-0: Swinging Strike 0-1: Ball 1-1: Ball 2-1: Foul Ball, location: 2F 2-2: Foul Ball, location: 2F 2-2: Foul Ball, location: 2F 2-2: DOUBLE (Line Drive, 9LM, EV 96.9 MPH) Ray Smith scores
|
|
Batting: RHB Greg Schultz
|
0-0: Ground out 4-3 (Groundball, 4S, EV 81.9 MPH)
|
| Top of the 2nd over - 4 runs, 5 hits, 0 errors, 1 left on base; Columbus 4 - Syracuse 0 |
| BOTTOM OF THE 2ND |
|
Syracuse Chiefs batting - Pitching for Columbus Jets : RHP Darryl Banks
|
|
Batting: RHB Jim G Wilson
|
0-0: Ball 1-0: Fly out, F9 (Flyball, 89M, EV 88.1 MPH)
|
|
Batting: LHB Wayne Gross
|
0-0: Swinging Strike 0-1: Swinging Strike 0-2: SINGLE (Line Drive, 8RS, EV 96.9 MPH)
|
|
Batting: RHB Bobby Grich
|
0-0: Ball 1-0: SINGLE (Groundball, 34D, EV 96.3 MPH) Wayne Gross to second Runner from 2nd tries for 3rd, SAFE, throw by RF made to third
|
|
Batting: LHB Darryl Strawberry
|
0-0: Called Strike 0-1: Fly out, F7 (Flyball, 7D, EV 80.6 MPH) Runner from 3rd tags up, SCORES, throw by LF
|
|
Batting: RHB Brian Asselstine
|
0-0: DOUBLE (Line Drive, 8LXD, EV 105.6 MPH) Bobby Grich to third
|
|
Batting: SHB Butch Wynegar
|
0-0: Fly out, F9 (Flyball, 9S, EV 89.4 MPH)
|
| Bottom of the 2nd over - 1 run, 3 hits, 0 errors, 2 left on base; Columbus 4 - Syracuse 1 |
| TOP OF THE 3RD |
|
Columbus Jets batting - Pitching for Syracuse Chiefs : RHP Mel Stottlemyre Sr
|
|
Batting: RHB Danny Tartabull
|
0-0: Ball 1-0: Fly out, F7 (Flyball, 7S, EV 81.9 MPH)
|
|
Batting: LHB Larry Sheets
|
0-0: Ball 1-0: Reached on error, E6 (Groundball, 6, EV 84.4 MPH)
|
|
Batting: RHB Jim Maler
|
0-0: SINGLE (Groundball, 6MD, EV 103.1 MPH) Larry Sheets to second Runner from 2nd tries for 3rd, SAFE, no throw by CF
|
|
Batting: RHB Michael Ventress
|
0-0: Ball 1-0: Swinging Strike 1-1: Called Strike 1-2: Fly out, F9 (Flyball, 9LM, EV 88.1 MPH) Runner from 3rd tags up, SCORES, throw by RF
|
|
Batting: RHB Glenn Goya
|
0-0: Called Strike Jim Maler steals 2nd base 0-1: Ball 1-1: Foul Ball, location: 2F 1-2: Ball 2-2: Ball 3-2: Ground out 4-3 (Groundball, 4, EV 85.0 MPH)
|
| Top of the 3rd over - 1 run, 1 hit, 1 error, 1 left on base; Columbus 5 - Syracuse 1 |
| BOTTOM OF THE 3RD |
|
Syracuse Chiefs batting - Pitching for Columbus Jets : RHP Darryl Banks
|
|
Batting: SHB Larry Lintz
|
0-0: Ball 1-0: DOUBLE (Flyball, 78D, EV 96.9 MPH)
|
|
Batting: RHB Phil Garner
|
0-0: Ball 1-0: Ball 2-0: Ball 3-0: Base on Balls
|
|
Batting: LHB Steve Stroughter
|
0-0: Ball 1-0: Ball Larry Lintz steals 3rd base 2-0: SINGLE (Line Drive, 7LS, EV 113.1 MPH) Larry Lintz scores Phil Garner to second
|
|
Batting: RHB Jim G Wilson
|
0-0: Foul Ball, location: 2F 0-1: Foul Ball, location: 2F 0-2: Strikes out swinging
|
|
Batting: LHB Wayne Gross
|
0-0: 3-RUN HOME RUN (Flyball, 9LD, EV 86.9 MPH), Distance : 347 ft
|
|
Batting: RHB Bobby Grich
|
0-0: Fly out, F9 (Flyball, 9LD, EV 103.1 MPH)
|
|
Batting: LHB Darryl Strawberry
|
0-0: Ball 1-0: Called Strike 1-1: Ball 2-1: Foul Ball, location: 2F 2-2: Strikes out swinging
|
| Bottom of the 3rd over - 4 runs, 3 hits, 0 errors, 0 left on base; Columbus 5 - Syracuse 5 |
| TOP OF THE 4TH |
|
Columbus Jets batting - Pitching for Syracuse Chiefs : RHP Mel Stottlemyre Sr
|
|
Batting: RHB Ray Smith
|
0-0: Called Strike 0-1: Ground out 4-3 (Groundball, 4, EV 89.4 MPH)
|
|
Batting: RHB Jackie Gutierrez
|
0-0: Called Strike 0-1: Swinging Strike 0-2: Ball 1-2: Fly out, F9 (Line Drive, 9D, EV 93.1 MPH)
|
|
Batting: LHB Craig Brooks
|
0-0: Ball 1-0: Ball 2-0: Called Strike 2-1: Swinging Strike 2-2: Foul Ball, location: 2F 2-2: Ground out 6-3 (Groundball, 6, EV 83.1 MPH)
|
| Top of the 4th over - 0 runs, 0 hits, 0 errors, 0 left on base; Columbus 5 - Syracuse 5 |
| BOTTOM OF THE 4TH |
|
Syracuse Chiefs batting - Pitching for Columbus Jets : RHP Darryl Banks
|
|
Batting: RHB Brian Asselstine
|
0-0: Reached on error, E5 (Groundball, 56, EV 83.8 MPH)
|
|
Batting: SHB Butch Wynegar
|
0-0: Foul Ball, location: 2F 0-1: Grounds into double play, 4-6-3 (Groundball, 4, EV 87.5 MPH)
|
|
Batting: SHB Larry Lintz
|
0-0: Foul Ball, location: 2F 0-1: Called Strike 0-2: Ball 1-2: Ball 2-2: SINGLE (Line Drive, 8LS, EV 99.4 MPH)
|
|
Batting: RHB Phil Garner
|
0-0: Ball Pickoff Throw to First - Out! 1-3
|
| Bottom of the 4th over - 0 runs, 1 hit, 1 error, 0 left on base; Columbus 5 - Syracuse 5 |
| TOP OF THE 5TH |
|
Columbus Jets batting - Pitching for Syracuse Chiefs : RHP Mel Stottlemyre Sr
|
|
Batting: RHB Greg Schultz
|
0-0: Called Strike 0-1: Swinging Strike 0-2: Strikes out swinging
|
|
Batting: RHB Danny Tartabull
|
0-0: Ball 1-0: Ball 2-0: Swinging Strike 2-1: SINGLE (Groundball, 56D, EV 99.4 MPH)
|
|
Batting: LHB Larry Sheets
|
0-0: Called Strike Danny Tartabull is caught stealing 2nd base 2-6 0-1: Ball 1-1: Called Strike 1-2: Ball 2-2: DOUBLE (Flyball, 8LXD, EV 95.0 MPH)
|
|
Batting: RHB Jim Maler
|
0-0: Foul Ball, location: 2F 0-1: Ball 1-1: Ball 2-1: Ground out 4-3 (Groundball, 4, EV 93.8 MPH)
|
| Top of the 5th over - 0 runs, 2 hits, 0 errors, 1 left on base; Columbus 5 - Syracuse 5 |
| BOTTOM OF THE 5TH |
|
Syracuse Chiefs batting - Pitching for Columbus Jets : RHP Darryl Banks
|
|
Batting: RHB Phil Garner
|
0-0: Fly out, F8 (Flyball, 8RXD, EV 108.8 MPH)
|
|
Batting: LHB Steve Stroughter
|
0-0: Foul Ball, location: 2F 0-1: Ball 1-1: Called Strike 1-2: Ball 2-2: Strikes out swinging
|
|
Batting: RHB Jim G Wilson
|
0-0: Foul Ball, location: 2F 0-1: SOLO HOME RUN (Flyball, 7LD, EV 95.6 MPH), Distance : 377 ft
|
|
Pitching: RHP Jose Alonso
|
|
|
Batting: LHB Wayne Gross
|
0-0: Ball 1-0: Foul Ball, location: 2F 1-1: Foul Ball, location: 2F 1-2: Ball 2-2: Strikes out swinging
|
| Bottom of the 5th over - 1 run, 1 hit, 0 errors, 0 left on base; Columbus 5 - Syracuse 6 |
| TOP OF THE 6TH |
|
Columbus Jets batting - Pitching for Syracuse Chiefs : RHP Mel Stottlemyre Sr
|
|
Batting: RHB Michael Ventress
|
0-0: Foul Ball, location: 2F 0-1: Ball 1-1: Swinging Strike 1-2: Foul Ball, location: 2F 1-2: Ball 2-2: Ball 3-2: Ground out 6-3 (Groundball, 6, EV 91.3 MPH)
|
|
Batting: RHB Glenn Goya
|
0-0: Ball 1-0: Ball 2-0: Called Strike 2-1: Ball 3-1: SINGLE (Groundball, 34D, EV 96.3 MPH)
|
|
Batting: RHB Ray Smith
|
0-0: Called Strike 0-1: Ball 1-1: Fielders Choice at 2nd, 5-4 (Groundball, 56, EV 82.5 MPH)
|
|
Batting: RHB Jackie Gutierrez
|
0-0: Called Strike 0-1: Ball 1-1: Foul Ball, location: 2F 1-2: Ball 2-2: Foul Ball, location: 2F 2-2: Ball 3-2: Foul Ball, location: 2F 3-2: Reached on error, E3 (Groundball, 34S, EV 83.8 MPH) Ray Smith to second
|
|
Batting: LHB Craig Brooks
|
0-0: Ball 1-0: Foul Ball, location: 2F 1-1: Called Strike 1-2: Ball 2-2: Ball 3-2: SINGLE (Groundball, 25, EV 73.1 MPH) (infield hit) Ray Smith to third Jackie Gutierrez to second
|
|
Batting: RHB Greg Schultz
|
0-0: Called Strike 0-1: Foul Ball, location: 2F 0-2: Ball 1-2: Fly out, F9 (Flyball, 9LS, EV 77.5 MPH)
|
| Top of the 6th over - 0 runs, 2 hits, 1 error, 3 left on base; Columbus 5 - Syracuse 6 |
| BOTTOM OF THE 6TH |
|
Syracuse Chiefs batting - Pitching for Columbus Jets : RHP Jose Alonso
|
|
Batting: RHB Bobby Grich
|
0-0: Ball 1-0: Swinging Strike 1-1: Ball 2-1: Ball 3-1: Foul Ball, location: 2F 3-2: Base on Balls
|
|
Batting: LHB Darryl Strawberry
|
0-0: Foul Ball, location: 2F 0-1: Ball 1-1: Ball Wild Pitch! Bobby Grich to second 2-1: Intentional Walk
|
|
Batting: RHB Brian Asselstine
|
0-0: Ball 1-0: Called Strike 1-1: Swinging Strike 1-2: Fly out, F6 (Line Drive, 6, EV 68.1 MPH)
|
|
Batting: SHB Butch Wynegar
|
0-0: Called Strike 0-1: Ball 1-1: Foul Ball, location: 2F 1-2: Fly out, F5 (Popup, 56S, EV 62.5 MPH)
|
|
Batting: SHB Larry Lintz
|
0-0: Ball 1-0: Ball 2-0: Called Strike 2-1: Swinging Strike 2-2: Strikes out swinging
|
| Bottom of the 6th over - 0 runs, 0 hits, 0 errors, 2 left on base; Columbus 5 - Syracuse 6 |
| TOP OF THE 7TH |
|
Columbus Jets batting - Pitching for Syracuse Chiefs : RHP Mel Stottlemyre Sr
|
|
Batting: RHB Danny Tartabull
|
0-0: Ground out 6-3 (Groundball, 6, EV 88.1 MPH)
|
|
Batting: LHB Larry Sheets
|
0-0: Foul Ball, location: 2F 0-1: Swinging Strike 0-2: Ball 1-2: Foul Ball, location: 2F 1-2: Ground out U3 (Groundball, 3L, EV 105.0 MPH)
|
|
Batting: RHB Jim Maler
|
0-0: Called Strike 0-1: Ball 1-1: Called Strike 1-2: Ball 2-2: Ground out 5-3 (Groundball, 56, EV 90.0 MPH)
|
| Top of the 7th over - 0 runs, 0 hits, 0 errors, 0 left on base; Columbus 5 - Syracuse 6 |
| BOTTOM OF THE 7TH |
|
Syracuse Chiefs batting - Pitching for Columbus Jets : RHP Jose Alonso
|
|
Batting: RHB Phil Garner
|
0-0: Fly out, F7 (Flyball, 78M, EV 80.6 MPH)
|
|
Batting: LHB Steve Stroughter
|
0-0: Called Strike 0-1: Called Strike 0-2: Ball 1-2: Foul Ball, location: 2F 1-2: Ball 2-2: Fly out, F7 (Flyball, 7D, EV 99.4 MPH)
|
|
Batting: RHB Jim G Wilson
|
0-0: Called Strike 0-1: Ground out 6-3 (Groundball, 6, EV 85.6 MPH)
|
| Bottom of the 7th over - 0 runs, 0 hits, 0 errors, 0 left on base; Columbus 5 - Syracuse 6 |
| TOP OF THE 8TH |
|
Columbus Jets batting - Pitching for Syracuse Chiefs : RHP Mel Stottlemyre Sr
|
|
Batting: RHB Michael Ventress
|
0-0: Foul Ball, location: 2F 0-1: Ground out 6-3 (Groundball, 6, EV 83.1 MPH)
|
|
Batting: RHB Glenn Goya
|
0-0: Ball 1-0: Foul Ball, location: 2F 1-1: Ball 2-1: Fly out, F4 (Flyball, 4D, EV 84.4 MPH)
|
|
Batting: RHB Ray Smith
|
0-0: Called Strike 0-1: Foul Ball, location: 2F 0-2: Ball 1-2: Foul Ball, location: 2F 1-2: Ground out 6-3 (Groundball, 6S, EV 87.5 MPH)
|
| Top of the 8th over - 0 runs, 0 hits, 0 errors, 0 left on base; Columbus 5 - Syracuse 6 |
| BOTTOM OF THE 8TH |
|
Syracuse Chiefs batting - Pitching for Columbus Jets : RHP Jose Alonso
|
|
Batting: LHB Wayne Gross
|
0-0: Foul Ball, location: 2F 0-1: Foul Ball, location: 2F 0-2: Strikes out swinging
|
|
Batting: RHB Bobby Grich
|
0-0: Called Strike 0-1: Ground out 6-3 (Groundball, 6MD, EV 90.6 MPH)
|
|
Batting: LHB Darryl Strawberry
|
0-0: Ball 1-0: Fly out, F8 (Line Drive, 8LD, EV 101.9 MPH)
|
| Bottom of the 8th over - 0 runs, 0 hits, 0 errors, 0 left on base; Columbus 5 - Syracuse 6 |
| TOP OF THE 9TH |
|
Columbus Jets batting - Pitching for Syracuse Chiefs : RHP Mel Stottlemyre Sr
|
|
Pitching: RHP Edward Hose
|
|
|
Now at 3B: Dave Meier
|
|
|
Pinch Hitting: SHB Gary Pellant
|
0-0: Called Strike 0-1: Ground out 4-3 (Groundball, 34D, EV 100.0 MPH)
|
|
Batting: LHB Craig Brooks
|
0-0: Ball 1-0: Ball 2-0: Swinging Strike 2-1: Foul Ball, location: 2F 2-2: Foul Ball, location: 2F 2-2: Strikes out looking
|
|
Batting: RHB Greg Schultz
|
0-0: Ball 1-0: Ground out 6-3 (Groundball, 56, EV 88.1 MPH)
|
| Top of the 9th over - 0 runs, 0 hits, 0 errors, 0 left on base; Columbus 5 - Syracuse 6 |
|